Map: Frozen Temple

Players

Miszu

  • Race: Protoss Protoss
  • League: Master

CowSheep - Winner!

  • Race: Zerg Zerg
  • League: Master

VOD

Have the link to the VOD?

Description

Time

  • Played on: June 27, 2016, 5:46 p.m.
  • Length: 9:50
Show
View Real Time Build Order
Export as new Build Order

Miszu Protoss 

Build Orders: 1 Gate Expand 

Get SALT Encoding   

  12  0:01  Probe (Chrono Boost)  
  13  0:11  Probe (Chrono Boost)  
  14  0:18  Pylon  
  14  0:22  Probe (Chrono Boost)  
  15  0:36  Gateway, Probe (Chrono Boost)  
  16  0:43  Assimilator  
  16  0:47  Probe (Chrono Boost)  
  17  1:08  Probe (Chrono Boost)  
  18  1:20  Nexus  
  18  1:21  Probe (Chrono Boost)  
  19  1:32  Probe (Chrono Boost)  
  20  1:37  Cybernetics Core  
  20  1:43  Probe (Chrono Boost)  
  21  1:47  Assimilator  
  21  1:53  Probe (Chrono Boost)  
  22  1:57  Pylon  
  22  2:04  Probe (Chrono Boost)  
  23  2:14  Warp Gate (Chrono Boost)  
  23  2:15  Adept (Chrono Boost)  
  26  2:25  Mothership Core  
  27  2:31  Probe  
  28  2:37  Pylon  
  28  2:39  Adept (Chrono Boost)  
  28  2:41  Probe  
  31  2:46  Probe  
  32  2:53  Probe  
  34  2:58  Probe  
  34  3:05  Gateway  
  34  3:06  Gateway  
  34  3:10  Adept (Chrono Boost)  
  36  3:16  Probe  
  36  3:17  Probe  
  38  3:27  Probe  
  38  3:29  Probe  
  40  3:41  Probe  
  40  3:42  Pylon, Probe  
  42  3:51  Probe  
  43  4:15  Probe  
  43  4:16  Probe  
  45  4:19  Stargate  
  45  4:21  Stargate  
  45  4:22  Pylon  
  45  4:24  Adept x2, Assimilator  
  41  4:25  Adept, Probe  
  41  4:27  Assimilator  
  41  4:28  Probe  
  49  4:36  Probe  
  50  4:40  Probe  
  51  4:46  Probe  
  52  4:55  Probe  
  52  4:58  Adept x3  
  59  5:05  Pylon  
  59  5:07  Nexus, Probe  
  59  5:10  Pylon  
  59  5:11  Probe  
  59  5:13  Phoenix x2 (Chrono Boost)  
  65  5:20  Probe  
  66  5:23  Probe  
  67  5:32  Probe  
  67  5:35  Probe, Phoenix x2 (Chrono Boost)  
  73  5:44  Probe  
  73  5:47  Probe  
  75  5:56  Probe  
  80  5:57  Phoenix x2 (Chrono Boost)  
  80  5:59  Probe  
  81  6:11  Robotics Facility  
  81  6:13  Robotics Facility  
  81  6:15  Probe  
  81  6:17  Pylon  
  82  6:19  Phoenix x2 (Chrono Boost)  
  86  6:36  Probe  
  86  6:37  Probe x2  
  89  6:40  Phoenix x2 (Chrono Boost)  
  93  6:49  Probe  
  93  6:50  Probe x2  
  96  7:00  Probe  
  94  7:02  Probe x2  
  94  7:03  Immortal x2  
  94  7:06  Pylon  
  103  7:11  Assimilator, Probe  
  103  7:12  Assimilator  
  103  7:13  Twilight Council  
  103  7:14  Probe  
  105  7:17  Forge  
  105  7:19  Gateway  
  105  7:20  Gateway  
  105  7:21  Gateway  
  105  7:37  Zealot x3  
  111  7:45  Immortal  
  111  7:47  Gateway  
  111  7:49  Gateway  
  115  7:51  Pylon  
  115  7:59  Immortal  
  117  8:06  Charge (Chrono Boost)  
  117  8:14  Zealot x3  
  117  8:15  Pylon  
  117  8:19  Templar Archives  
  121  8:20  Pylon  
  121  8:24  Pylon  
  107  8:35  Adept x3  
  107  8:36  Zealot x3  
  56  8:56  Adept x4  
  56  8:57  Adept x2  
  68  9:14  High Templar x2  
  72  9:17  High Templar  
  72  9:18  High Templar x3  
  72  9:19  Zealot  
  72  9:20  Zealot  
  84  9:27  Archon x3  
  64  9:47  Zealot x3  
Show
View Real Time Build Order
Export as new Build Order

CowSheep Zerg - Winner!

Build Orders: 3 Hatch before Pool 

Get SALT Encoding   

  12  0:02  Drone  
  13  0:13  Overlord  
  13  0:17  Drone  
  14  0:32  Drone x2  
  16  0:37  Drone  
  17  0:52  Hatchery  
  17  0:56  Drone  
  17  1:08  Drone x2  
  19  1:25  Hatchery  
  19  1:32  Drone x2  
  20  1:35  Extractor  
  19  1:46  Spawning Pool  
  18  1:48  Drone  
  19  2:06  Drone  
  20  2:09  Drone  
  21  2:18  Drone x3  
  24  2:33  Queen x2  
  24  2:35  Overlord  
  28  2:40  Metabolic Boost  
  28  2:45  Queen  
  28  2:48  Zergling x2  
  31  2:51  Zergling x2  
  31  2:54  Drone  
  31  2:56  Drone  
  31  2:58  Drone  
  35  3:00  Drone  
  36  3:05  Drone  
  36  3:06  Drone  
  38  3:15  Spore Crawler  
  36  3:28  Zergling x10  
  41  3:38  Overlord x2  
  41  3:48  Overlord x2  
  41  3:50  Pneumatized Carapace  
  41  3:56  Queen  
  43  4:03  Drone  
  43  4:12  Drone x9  
  48  4:24  Overlord  
  48  4:26  Drone x3  
  48  4:27  Drone x2  
  53  4:32  Lair  
  53  4:36  Evolution Chamber  
  51  4:49  Drone x3  
  51  4:50  Extractor, Drone  
  54  4:53  Extractor  
  54  4:54  Extractor, Drone x6  
  58  5:04  Zerg Melee Weapons Level 1  
  58  5:07  Baneling Nest  
  58  5:09  Drone  
  58  5:10  Drone x4  
  62  5:16  Spore Crawler  
  62  5:21  Drone x5  
  62  5:22  Drone x2  
  67  5:41  Spore Crawler  
  66  5:46  Hydralisk Den, Drone x3  
  68  5:52  Spore Crawler  
  68  5:55  Spore Crawler  
  68  5:56  Drone x3  
  69  6:10  Drone x2  
  69  6:11  Drone x2  
  71  6:16  Overlord  
  72  6:19  Overlord x2  
  72  6:20  Overlord x3  
  72  6:21  Overlord  
  72  6:25  Centrifical Hooks  
  72  6:26  Muscular Augments  
  72  6:43  Spore Crawler  
  72  6:44  Drone  
  69  6:49  Hydralisk x6  
  69  6:50  Hydralisk x7  
  69  6:51  Queen  
  95  6:55  Drone  
  92  7:09  Drone x2  
  92  7:10  Hydralisk x3  
  100  7:18  Zergling x2  
  100  7:19  Zergling x2  
  100  7:21  Overlord  
  102  7:32  Zergling x2  
  102  7:33  Zergling x10  
  108  7:37  Hydralisk x2  
  108  7:42  Hydralisk  
  114  7:47  Zerg Missile Weapons Level 1  
  114  7:48  Zergling x4  
  113  8:02  Zergling x2  
  113  8:03  Zergling x20  
  120  8:07  Baneling x7  
  120  8:08  Baneling x10  
  120  8:09  Zergling x2  
  120  8:10  Queen, Hatchery  
  122  8:14  Drone  
  123  8:24  Zergling x8  
  101  8:48  Zergling x2  
  101  8:49  Zergling x20  
  101  8:55  Drone  
  111  9:01  Drone x3  
  114  9:06  Baneling x4  
  114  9:07  Baneling x3  
  114  9:09  Zergling x4  
  116  9:20  Drone  
  116  9:21  Drone x2  
  116  9:22  Extractor  
  116  9:23  Extractor  
  105  9:46  Extractor  
  105  9:47  Extractor  
Tags
 
Add a new tag
Caveats
  • Supply blocks, unpowered buildings, or Contaminate may cause inaccurate times.
  • Supply counts are checked every 10 seconds.